 Dungeon Crawl Stone Soup version 0.23-a0-712-g3a644c0 (webtiles) character file.

3045 Lilu the Thaumaturge (level 9, -1/52 HPs)
             Began as a Deep Elf Conjurer on Jan 15, 2019.
             Was a Follower of Vehumet.
             Slain by an orc warrior
             ... wielding a +0 scimitar
              (19 damage)
             ... on level 7 of the Dungeon.
             The game lasted 00:19:18 (6476 turns).

Lilu the Thaumaturge (Deep Elf Conjurer)            Turns: 6476, Time: 00:19:18

Health: -1/52      AC:  6    Str:  7    XL:     9   Next: 56%
Magic:  8/24       EV: 18    Int: 24    God:    Vehumet [*.....]
Gold:   347        SH:  0    Dex: 15    Spells: 12/27 levels left

rFire    . . .     SeeInvis .   x - +1 falchion (holy)
rCold    . . .     Gourm    .   (no shield)
rNeg     . . .     Faith    .   j - +1 robe of Keithreche {Str+2} (curse)
rPois    .         Spirit   .   (no helmet)
rElec    .         Reflect  .   (no cloak)
rCorr    .         Harm     .   a - +2 pair of gloves
MR       .....                  (no boots)
Stlth    ++........             l - amulet of regeneration
HPRegen  0.57/turn              (no ring)
MPRegen  0.19/turn              (no ring)

@: no status effects
A: no striking features
a: Renounce Religion


You were on level 7 of the Dungeon.
You worshipped Vehumet.
Vehumet was aware of your devotion.
You were not hungry.

You visited 1 branch of the dungeon, and saw 7 of its levels.

You collected 347 gold pieces.

Inventory:

Hand Weapons
 s - a +0 dagger of freezing
 x - a +1 falchion of holy wrath (weapon)
Missiles
 o - 32 poisoned needles
 r - 5 curare-tipped needles
Armour
 a - a +2 pair of gloves (worn)
 f - a +1 leather armour
 j - the cursed +1 robe of Keithreche (worn) {Str+2}
   (You found it on level 7 of the Dungeon)

   It affects your strength (+2).
   It has a curse placed upon it.
Jewellery
 l - an amulet of regeneration (around neck)
Wands
 n - a wand of polymorph (17)
 u - a wand of flame (27)
Scrolls
 d - 2 scrolls of teleportation
 e - 2 scrolls of remove curse
 p - a scroll of fog {unknown}
Potions
 b - 4 potions of flight
 g - a potion of invisibility
 h - a potion of might
 k - a potion of curing {unknown}
 m - 2 potions of agility
 q - 2 potions of heal wounds
 t - a potion of haste
 z - a potion of brilliance {unknown}
Comestibles
 c - 19 rations


   Skills:
 + Level 4.0 Fighting
 + Level 8.8 Dodging
 - Level 2.9 Stealth
 + Level 9.8 Spellcasting
 + Level 9.0 Conjurations


You had 12 spell levels left.
You knew the following spells:

 Your Spells              Type           Power        Failure   Level  Hunger
a - Magic Dart            Conj           ####         1%          1    None
b - Searing Ray           Conj           ######       1%          2    None
c - Iskenderun's Mystic   Conj           ######..     1%          4    #......
d - Fulminant Prism       Conj/Hex       ####......   9%          4    #......
e - Force Lance           Conj/Tloc      ####....     9%          4    #......

Your spell library contained the following spells:

 Spells                   Type           Power        Failure   Level  Hunger
 Shock                    Conj/Air       ####         1%          1    None
 Dazzling Spray           Conj/Hex       ####..       2%          3    None


Dungeon Overview and Level Annotations

Branches:
Dungeon (7/15)             Temple (0/1) D:7

Altars:
Ashenzari
Makhleb
Vehumet
Xom

Shops:
D:5 :   D:7 (

Annotations:
D:5 Edmund


Message History

The searing ray misses the orc warrior.
An orc comes into view.
It is wielding a +1 falchion of slicing.
The orc warrior hits you with a +0 scimitar!!
The searing ray hits the orc warrior.
The orc warrior is severely wounded.
You finish channeling your searing ray.
The orc warrior hits you with a +0 scimitar!
Casting: Searing Ray (safe; 1% risk of failure)
Confirm with . or Enter, or press ? or * to list all spells.
Aiming: Searing Ray (safe; 1% risk of failure)
Press: ? - help, Shift-Dir - straight line, f/p - orc warrior
Aim: an orc warrior, wielding a +0 scimitar and wearing a +0 plate armour (severely wounded)
The searing ray hits the orc warrior.
The orc warrior is severely wounded. (Press . to maintain the ray.)
The orc warrior hits you with a +0 scimitar.
The searing ray hits the orc warrior.
The orc warrior is almost dead.
The orc warrior hits you with a +0 scimitar!!
You die...

..# ##+## #. #.# ##...##
#.##.#.###.....## ##
#..#.#.##.......## ##.
##....#.#.........####..
#.....oo+.........รท.....
#...##o#......<..####..
#...##@##.......## ##.
#......###.....## ##
###.#### ##...## ##.#
##+## #..# #.# #.## #.#
#.# #####.#######
#####.#####...........#
#........##.#......##.#


You could see an orc warrior and 2 orcs.

Vanquished Creatures
  A hippogriff (D:7)
  Eustachio (D:5)
  4 hogs (D:7)
  A human (D:7)
  Duvessa (D:6)
  An orc warrior (D:6)
  2 ogres
  A sky beast (D:4)
  2 ice beasts (D:7)
  2 bullfrogs
  Dowan (D:6)
  2 scorpions
  3 howler monkeys (D:7)
  4 crimson imps
  A jelly (D:6)
  2 orc priests
  7 orc wizards
  3 bullfrog skeletons
  2 hounds (D:6)
  2 iguanas
  2 worker ants
  A killer bee zombie (D:7)
  A hound skeleton (D:4)
  4 gnolls (D:6)
  2 howler monkey skeletons
  6 adders
  3 oozes
  An adder zombie (D:6)
  A worm (D:3)
  2 dart slugs
  A leopard gecko (D:7)
  36 orcs
  5 giant cockroaches
  7 goblins
  13 hobgoblins
  6 jackals
  6 kobolds
  6 quokkas
  3 ball pythons
  9 bats
  6 frilled lizards
  A jackal zombie (D:7)
  A leopard gecko skeleton (D:4)
  A leopard gecko zombie (D:7)
  4 rats
171 creatures vanquished.

Notes
Turn   | Place    | Note
-------+----------+-------------------------------------------
     0 | D:1      | Lilu the Deep Elf Conjurer began the quest for the Orb.
     0 | D:1      | Reached XP level 1. HP: 10/10 MP: 6/6
   256 | D:1      | Reached XP level 2. HP: 14/15 MP: 5/8
   283 | D:1      | Learned a level 2 spell: Searing Ray
   523 | D:1      | Found a radiant altar of Vehumet.
   529 | D:1      | Found an opulent altar of Gozag.
   529 | D:1      | Found a sparkling altar of Nemelex Xobeh.
   532 | D:1      | Found a shimmering altar of Xom.
   532 | D:1      | Found a shimmering altar of Xom.
   532 | D:1      | Found a burning altar of Makhleb.
   568 | D:1      | Reached XP level 3. HP: 15/19 MP: 1/10
  1743 | D:2      | Reached skill level 5 in Conjurations
  1743 | D:2      | Reached XP level 4. HP: 24/24 MP: 3/12
  2341 | D:3      | Reached XP level 5. HP: 28/28 MP: 11/13
  2634 | D:4      | Reached skill level 5 in Spellcasting
  2979 | D:4      | Reached XP level 6. HP: 26/32 MP: 3/16
  3229 | D:4      | Reached skill level 5 in Dodging
  3269 | D:4      | Noticed a sky beast
  3319 | D:4      | Killed a sky beast
  3325 | D:4      | Learned a level 4 spell: Iskenderun's Mystic Blast
  3418 | D:5      | Entered Level 5 of the Dungeon
  3425 | D:5      | Found Bigotop's Book Shoppe.
  3603 | D:5      | Reached XP level 7. HP: 35/36 MP: 2/18
  3608 | D:5      | Noticed Eustachio
  4035 | D:5      | Killed Eustachio
  4455 | D:6      | Found a radiant altar of Vehumet.
  4460 | D:6      | Noticed Edmund
  4745 | D:6      | Became a worshipper of Vehumet
  4793 | D:6      | Reached skill level 1 in Fighting
  4793 | D:6      | Reached XP level 8. HP: 43/43 MP: 12/21
  4934 | D:6      | Found a shattered altar of Ashenzari.
  4944 | D:6      | Noticed Duvessa
  4957 | D:6      | Noticed Dowan
  4961 | D:6      | Killed Duvessa
  4965 | D:6      | Killed Dowan
  5577 | D:7      | Noticed a hippogriff
  5586 | D:7      | Killed a hippogriff
  5702 | D:7      | Got an ancient robe
  5720 | D:7      | Identified the cursed +1 robe of Keithreche {Str+2} (You
                  | found it on level 7 of the Dungeon)
  5774 | D:7      | Reached * piety under Vehumet
  5774 | D:7      | Offered knowledge of Shock by Vehumet.
  5886 | D:7      | Found Avex's Weapon Boutique.
  5944 | D:7      | Reached XP level 9. HP: 50/50 MP: 8/23
  5974 | D:7      | Found a staircase to the Ecumenical Temple.
  6428 | D:7      | Learned a level 4 spell: Fulminant Prism
  6433 | D:7      | Learned a level 4 spell: Force Lance
  6439 | D:7      | Found a burning altar of Makhleb.
  6476 | D:7      | Slain by an orc warrior

Vault maps used:
D:1:      lemuel_arrival_broad_hall, doesnt_xom_only_xom
D:4:      first_ration, minivault_1, minmay_fractal_squares_diagonal_5
D:5:      serial_shops, kennysheep_mini, uniq_eustachio
D:6:      vehumet_altar_wand_db, basic_altar, chequers_arboretum, uniq_duvessa,
          uniq_edmund
D:7:      temple_doors_ab, gammafunk_ghost_necromancy, serial_shops,
          nicolae_shop_statue_plus, grunt_livestock, bloody_makhleb

Skill      XL: |  1  2  3  4  5  6  7  8  9 |
---------------+----------------------------+-----
Dodging        | 3 4 5 6 7 8 |  8.8
Spellcasting   | 4 5 6 7 8 9 |  9.8
Conjurations   | 5 6 7 8 9 |  9.0
Fighting       | 1 3 4 |  4.0
Stealth        | |  2.9

Action                   |  1- 3 |  4- 6 |  7- 9 || total
-------------------------+-------+-------+-------++-------
Melee: Unarmed           |       |     1 |       ||     1
       Dagger            |       |    11 |       ||    11
       Falchion          |       |     6 |    22 ||    28
 Cast: Magic Dart        |    82 |    97 |    89 ||   268
       Searing Ray       |     1 |    13 |    46 ||    60
       Iskenderun's Myst |       |       |     6 ||     6
  Use: Scroll            |       |     1 |    11 ||    12
       Potion            |       |       |     1 ||     1
 Stab: Sleeping          |       |     1 |       ||     1
  Eat: Chunk             |     2 |     5 |    10 ||    17
Armor: Robe              |     1 |       |     5 ||     6
       Leather armour    |     1 |    20 |    20 ||    41
Dodge: Dodged            |    25 |    59 |    95 ||   179
       Rpst.: Falchion   |       |     4 |    26 ||    30

Table legend:
 A = Non-vault XP
 B = Vault XP
 C = Vault XP percentage of total XP
 D = Non-vault monster count
 E = Vault monster count
 F = Vault count percentage of total count
                 A         B        C        D         E       F
            +---------+---------+-------+---------+---------+-------
      Total |    2880 |    1471 |  33.8 |     158 |      13 |   7.6
            +---------+---------+-------+---------+---------+-------
        D:1 |      48 |       0 |   0.0 |      24 |       0 |   0.0
        D:2 |      63 |       0 |   0.0 |      16 |       0 |   0.0
        D:3 |     147 |       0 |   0.0 |      32 |       0 |   0.0
        D:4 |     361 |      18 |   4.7 |      18 |       4 |  18.2
        D:5 |     350 |     211 |  37.6 |      13 |       1 |   7.1
        D:6 |     685 |     232 |  25.3 |      24 |       3 |  11.1
        D:7 |    1226 |    1010 |  45.2 |      31 |       5 |  13.9
            +---------+---------+-------+---------+---------+-------
